 Dungeon Crawl Stone Soup version 0.23.2-1-ga50397a6bc (webtiles) character file.

Game seed: 17798270952787033298

87 Menchi the Skirmisher (level 4, 0/42 HPs)
             Began as a Naga Wanderer on May 17, 2019.
             Slain by a goblin (2 damage)
             ... led by Robin
             ... on level 2 of the Dungeon.
             The game lasted 00:03:39 (1069 turns).

Menchi the Skirmisher (Naga Wanderer)               Turns: 1069, Time: 00:03:39

Health: 0/42       AC:  6    Str: 23    XL:     4   Next: 51%
Magic:  4/4        EV:  8    Int: 11    God:
Gold:   19         SH:  0    Dex:  9    Spells: 3/3 levels left

rFire    . . .     SeeInvis +   a - +0 spear
rCold    . . .     Gourm    .   (no shield)
rNeg     + . .     Faith    .   b - +2 scale mail
rPois    +         Spirit   .   (no helmet)
rElec    .         Reflect  .   (no cloak)
rCorr    .         Harm     .   (no gloves)
MR       .....                  (no barding)
Stlth    ..........             (no amulet)
HPRegen  0.14/turn              l - ring of positive energy
MPRegen  0.09/turn              (no ring)

@: mighty, very slow
A: large, see invisible, deformed body, poison resistance, slowness 2, slow
metabolism 1, spit poison 1, AC +1
a: Spit Poison


You were on level 2 of the Dungeon.
You were hungry.

You visited 1 branch of the dungeon, and saw 2 of its levels.

You collected 19 gold pieces.

Inventory:

Hand Weapons
 a - a +0 spear (weapon)
Armour
 b - a +2 scale mail (worn)
Jewellery
 l - a ring of positive energy (left hand)
Scrolls
 e - 7 scrolls of remove curse {unknown}
 j - a scroll of fear {unknown}
 k - a scroll of amnesia {unknown}
Potions
 i - a potion of flight {unknown}
Comestibles
 d - a ration
 f - a chunk of flesh


   Skills:
 - Level 3.4 Fighting
   Level 1.0 Short Blades
 + Level 2.4 Polearms
 - Level 1.0 Throwing
 - Level 1.5 Armour
 + Level 2.6 Dodging
 - Level 1.5 Stealth


You had 3 spell levels left.
You didn't know any spells.
Your spell library was empty.

Dungeon Overview and Level Annotations

Branches:
Dungeon (2/15)

Altars:


Innate Abilities, Weirdness & Mutations

You cannot wear boots.
Your serpentine skin is tough. (AC +1)
You have supernaturally acute eyesight. (SInv)
Armour fits poorly on your strangely shaped body.
Your system is resistant to poisons. (rPois)
You cover ground very slowly.
You have a slow metabolism.
You can spit poison.


Message History

The goblin hits you but does no damage. x2
The hobgoblin hits you but does no damage.
The goblin hits you.
* * * LOW HITPOINT WARNING * * *
You barely miss the goblin. The goblin hits you but does no damage.
The goblin hits you.
* * * LOW HITPOINT WARNING * * *
The hobgoblin hits you but does no damage.
The goblin hits you but does no damage.
Some of the chunks of flesh in your inventory have rotted away.
You puncture the goblin!
You kill the goblin!
You feel less wooden.
Your +2 scale mail unmelds from your body.
The hobgoblin closely misses you. The goblin hits you but does no damage.
The goblin barely misses you.
It was a potion of magic.
Magic courses through your body.
The hobgoblin hits you but does no damage.
The goblin hits you.
You die...

..# ..# ..
##%. # ##..
##.###..###
..........#
#......#
#.##... #.#
.#.. #.#
..#.


You could see a hobgoblin and 2 goblins.

Vanquished Creatures
  Natasha (D:2)
  Robin (D:2)
  A dart slug (D:1)
  A leopard gecko (D:1)
  3 giant cockroaches
  11 goblins
  7 hobgoblins
  4 jackals (D:1)
  4 bats (D:1)
  A frilled lizard (D:1)
  5 kobolds (D:1)
  6 rats (D:1)
45 creatures vanquished.

Notes
Turn   | Place    | Note
-------+----------+-------------------------------------------
     0 | D:1      | Menchi the Naga Wanderer began the quest for the Orb.
     0 | D:1      | Menchi set off with the following items: a +0 spear, a +2
                  | scale mail, a potion of lignification, a ration
     0 | D:1      | Reached XP level 1. HP: 21/21 MP: 1/1
   167 | D:1      | Reached XP level 2. HP: 26/28 MP: 2/2
   223 | D:1      | Reached skill level 1 in Polearms
   595 | D:1      | Reached XP level 3. HP: 31/34 MP: 3/3
  1028 | D:2      | Noticed Natasha
  1039 | D:2      | Noticed Robin
  1041 | D:2      | Killed Natasha
  1041 | D:2      | Reached XP level 4. HP: 9/42 MP: 4/4
  1049 | D:2      | Killed Robin
  1069 | D:2      | Slain by a goblin

Skill      XL: |  1  2  3 |
---------------+----------+-----
Polearms       | 1 2 |  2.4
Dodging        | 2 |  2.6
Fighting       | |  3.4
Short Blades   | |  1.0
Throwing       | |  1.0
Armour         | |  1.5
Stealth        | |  1.5

Action                   |  1- 3 |  4- 6 || total
-------------------------+-------+-------++-------
Melee: Spear             |   140 |    23 ||   163
 Abil: Spit Poison       |     8 |     2 ||    10
  Use: Potion            |       |     3 ||     3
Armor: Scale mail        |    81 |     3 ||    84
       Skin              |       |    70 ||    70
Dodge: Dodged            |    64 |     5 ||    69
